 Dungeon Crawl Stone Soup version 0.29-a0-322-g68df515428 (webtiles) character file.

Game seed: 3834010474033287407

32 zishaf the Skirmisher (level 3, 0/40 HPs)
             Began as an Ogre Chaos Knight on Apr 8, 2022.
             Was a Plaything of Xom.
             Slain by a shadow imp (1 damage)
             ... summoned by Xom
             ... on level 1 of the Dungeon.
             The game lasted 00:01:16 (742 turns).

zishaf the Skirmisher (Ogre Chaos Knight)            Turns: 742, Time: 00:01:17

Health: 0/40       AC:  5    Str: 18    XL:     3   Next: 27%
Magic:  5/5        EV:  9    Int: 13    God:    Xom [*.....]
Gold:   74         SH:  0    Dex:  8    Spells: 5/5 levels left

rFire   . . .      SeeInvis .   a - +0 mace (chaos)
rCold   . . .      Faith    .   (no shield)
rNeg    . . .      Spirit   .   b - +2 robe
rPois   .          Reflect  .   (helmet restricted)
rElec   .          Harm     .   (no cloak)
rCorr   .          Rampage  .   (gloves unavailable)
Will    .....                   (boots unavailable)
Stlth   +.........              (no amulet)
HPRegen 0.13/turn               (no ring)
MPRegen 0.09/turn               (no ring)

@: no status effects
A: large, unfitting armour, tough skin 1
a: Renounce Religion


You were on level 1 of the Dungeon.
You worshipped Xom.
You were a special plaything of Xom.
You visited 1 branch of the dungeon, and saw 1 of its levels.

You collected 74 gold pieces.

Inventory:

Hand Weapons
 a - a +0 mace of chaos (weapon)
Armour
 b - a +2 robe (worn)
Scrolls
 d - a scroll of summoning {unknown}
 e - 2 scrolls of identify {unknown}
 f - a scroll of enchant armour {unknown}
 h - a scroll of enchant weapon {unknown}
Potions
 g - 2 potions of curing {unknown}
 i - a potion of resistance {unknown}
Miscellaneous
 c - a piece from Xom's chessboard (15/15) (quivered)


   Skills:
 + Level 4.6 Fighting
 + Level 3.1 Maces & Flails
 - Level 2.1 Dodging
 + Level 1.6 Spellcasting


You had 5 spell levels left.
You didn't know any spells.
Your spell library was empty.

Dungeon Overview and Level Annotations

Branches:
Dungeon (1/15)

Altars:


Innate Abilities, Weirdness & Mutations

You are too large for most types of armour.
You have tough skin. (AC +1)


Message History

The iron imp hits you but does no damage.
The shadow imp hits you but does no damage.
You closely miss the kobold. The kobold hits you but does no damage.
The iron imp hits you but does no damage.
The shadow imp hits you.
You hit the kobold but do no damage.
The kobold blinks!
The shadow imp gestures at you. Pain shoots through your body!
The iron imp hits you. The shadow imp gestures at you.
Pain shoots through your body! The kobold closely misses you.
You hit the kobold but do no damage. The kobold barely misses you.
The iron imp closely misses you.
You hit the kobold. You burn the kobold.
You kill the kobold!
The shadow imp hits you. x2
* * * LOW HITPOINT WARNING * * *
The iron imp closely misses you.
The shadow imp attacks as you move away!
The shadow imp barely misses you.
Things that are here:
a +0 club; 3 stones; a kobold corpse
Press: ? - help, v - describe, . - travel
Here: a shadow imp (summoned)
The floor, spattered with blood.
You closely miss the shadow imp.
The shadow imp grins evilly.
The shadow imp gestures at you. Pain shoots through your body!
* * * LOW HITPOINT WARNING * * *
You hit the shadow imp. You burn the shadow imp.
The shadow imp is heavily wounded.
The iron imp barely misses you. The shadow imp hits you.
* * * LOW HITPOINT WARNING * * *
You hit the shadow imp.
The shadow imp convulses.
The shadow imp is almost dead.
The iron imp hits you!
* * * LOW HITPOINT WARNING * * *
The shadow imp hits you.
You die... "This toy is broken."

#.......##.#.#...#
+.............>..#
#....(..##.#.#...##
##+#....#.........#
..................#
...............†..#
##.#.#..###.......#
...............55.#
...#.#.......#..@.#
...#.# ###..#....#
##.# # #..#...!..
...# # ............
...#.#.
##.#..#.######
....... .. ...#.#
...#.## # ....#.#
.###### #.#..###
.......


You could see an iron imp (summoned) and a shadow imp (summoned).

Vanquished Creatures
  A ball python (D:1)
  2 endoplasms (D:1)
  3 giant cockroaches (D:1)
  3 goblins (D:1)
  3 hobgoblins (D:1)
  2 jackals (D:1)
  2 kobolds (D:1)
  2 bats (D:1)
  2 frilled lizards (D:1)
  11 rats (D:1)
31 creatures vanquished.

Notes
Turn   | Place    | Note
-------+----------+-------------------------------------------
     0 | D:1      | zishaf the Ogre Chaos Knight began the quest for the Orb.
     0 | D:1      | Reached XP level 1. HP: 24/24 MP: 1/1
    52 | D:1      | XOM: silly message
    90 | D:1      | Reached XP level 2. HP: 28/32 MP: 3/3
   166 | D:1      | Reached skill level 1 in Spellcasting
   204 | D:1      | XOM: silly message
   207 | D:1      | XOM: silly message
   260 | D:1      | XOM: silly message
   524 | D:1      | Reached XP level 3. HP: 40/40 MP: 5/5
   549 | D:1      | XOM: 2-stop teleportation journey
   726 | D:1      | XOM: summons 2 hostile demons
   742 | D:1      | HP: 1/40 [iron imp[Xom] (8)]
   742 | D:1      | Slain by a shadow imp

Illustrated notes

Levels and vault maps discovered:
D:1:      saegor_arrival_simple_e, layout_basic, minmay_rat_gold_closets

Skill      XL: |  1  2 |
---------------+-------+-----
Spellcasting   | 1 |  1.6
Maces & Flails | 3 |  3.1
Fighting       | |  4.6
Dodging        | |  2.1

Action                   || total
-------------------------++-------
Melee: Mace              ||    73
Armor: Robe              ||    32
Dodge: Dodged            ||    53

Table legend: (Time is in decaauts)
 A = Elapsed time spent in this place.
 B = Non-inter-level travel time spent in this place.
 C = Inter-level travel time spent in this place.
 D = Time resting spent in this place.
 E = Time spent auto-exploring this place.
 F = Levels seen in this place.
 G = Mean time per level.
                   A        B        C        D        E       F      G
               +--------+--------+--------+--------+--------+-----+--------+
         Total |    761 |    761 |      0 |      0 |    575 |   1 |  761.0 |
       Dungeon |    761 |    761 |      0 |      0 |    575 |   1 |  761.0 |
               +--------+--------+--------+--------+--------+-----+--------+

Top non-repeatable levels by time:
     D:1: 761 daAuts
